 Dungeon Crawl Stone Soup version 0.31-a0-986-g5e6e4ef867 (webtiles) character file.

Game seed: 5834117967992180029

368 Fodor the Shooter (level 6, -1/53 HPs)
             Began as a Minotaur Fighter on Nov 12, 2023.
             Slain by an orc
             ... wielding a +0 war axe
              (7 damage)
             ... on level 4 of the Dungeon.
             The game lasted 00:14:21 (2887 turns).

Fodor the Shooter (Minotaur Fighter)                Turns: 2887, Time: 00:14:21

Health: -1/53      AC:  7    Str: 22    XL:     6   Next: 41%
Magic:  5/5        EV: 10    Int:  5    God:
Gold:   150        SH:  0    Dex: 10    Spells: 5/5 levels left

rFire   x . .        h - +3 sling
rCold   + . .        c - +0 buckler
rNeg    . . .        b - +0 scale mail
rPois   .            (helmet restricted)
rElec   .            (no cloak)
rCorr   .            (no gloves)
SInv    .            (no boots)
Will    .....        (no amulet) Stlth
                     s - ring of flight
HPRegen 0.28/turn    r - ring of ice
MPRegen 0.09/turn

%: no passive effects
@: confused, flying
A: horns 2, retaliatory headbutt
a: no special abilities


You were on level 4 of the Dungeon.
You visited 1 branch of the dungeon, and saw 4 of its levels.

You collected 150 gold pieces.

Inventory:

Hand Weapons
 a - a +0 war axe
 h - a +3 sling (weapon)
 o - a +4 spear
Missiles
 j - 8 poisoned darts
 n - 3 boomerangs
 t - 5 javelins
Armour
 b - a +0 scale mail (worn)
 c - a +0 buckler (worn)
Jewellery
 r - a ring of ice (right hand)
 s - a ring of flight (left hand)
Wands
 k - a wand of flame (21)
Scrolls
 e - 2 scrolls of enchant armour {unknown}
 f - 4 scrolls of identify {unknown}
 g - a scroll of enchant weapon {unknown}
 i - a scroll of blinking {unknown}
 m - 2 scrolls of butterflies {unknown}
 q - a scroll of fog {unknown}
Potions
 d - 3 potions of might
 p - a potion of degeneration {unknown}


   Skills:
 + Level 4.4 Fighting
 + Level 2.6 Axes
 + Level 5.1 Ranged Weapons
 + Level 4.6 Armour
 + Level 1.4 Dodging
 + Level 4.5 Shields


You had 5 spell levels left.
You didn't know any spells.
Your spell library contained the following spells:

 Spells                   Type           Power      Damage    Failure   Level
 Apportation              Tloc           0%         N/A       85%         1
 Necrotise                Necr           0%         1d4       85%         1
 Summon Small Mammal      Summ           0%         N/A       85%         1
 Lesser Beckoning         Tloc           0%         N/A       94%         2
 Gell's Gravitas          Tloc           0%         N/A       99%         3
 Teleport Other           Tloc           0%         N/A       99%         3
 Manifold Assault         Tloc           0%         N/A       100%        4
 Dispersal                Tloc           0%         N/A       100%        6
 Disjunction              Tloc           0%         N/A       100%        8


Dungeon Overview and Level Annotations

Branches:
Dungeon (4/15)
 Temple: D:4-7

Altars:
Kikubaaqudgha
Ru

Shops:
D:2 (

Annotations:
D:2 1 runed translucent door, Crazy Yiuf


Innate Abilities, Weirdness & Mutations

You have a pair of horns on your head.
You reflexively headbutt those who attack you in melee.


Message History

The orc wizard hits you with a +0 dagger.
You shoot a sling bullet.
The orc wizard mumbles some strange words.
The orc wizard flickers and vanishes!
Deactivating autopickup; reactivate with Ctrl-A.
The orc wizard hits you but does no damage.
The orc hits you but does no damage.
You shoot a sling bullet.
The orc wizard hits you but does no damage.
The orc hits you with a +0 war axe. Something hits you but does no damage.
You shoot a sling bullet.
You feel less confused.
The orc wizard points at you and mumbles some strange words.
You are confused.
You hear some strange, mumbled words.
Something tries to affect you, but you resist.
The orc misses you.
The orc priest invokes the aid of Beogh against you.
Beogh smites you!
* * * LOW HITPOINT WARNING * * *
You closely miss the orc. Your headbutt misses the orc.
The orc throws a boomerang.
The boomerang barely misses you.
The orc wizard casts a spell.
The orc wizard flickers and vanishes!
The orc closely misses you. Something hits you but does no damage.
The orc barely misses you. The orc hits you but does no damage.
The orc barely misses you. Something hits you but does no damage.
You hear some strange, mumbled words.
A puff of flame appears from out of thin air!
The puff of flame misses you.
You are too confused!
You completely miss something. Something hits you but does no damage.
The orc hits you with a +0 short sword.
* * * LOW HITPOINT WARNING * * *
You hear some strange, mumbled words.
A magic dart appears from out of thin air!
The magic dart hits you.
* * * LOW HITPOINT WARNING * * *
The orc hits you with a +0 war axe!
You die...

.. ##.....#
.. # #..#..##
#.#....†.## .
#.........#
....##......#
.....#....###
..........#
..######o.#
#@{o# #{oo.#
oo...#
........
.....>.###
!........
.........##
...##......


You could see an orc priest and 5 orcs.

Vanquished Creatures
  2 vampire bats (D:3)
  An orc priest (D:3)
  An iguana (D:2)
  2 orc wizards (D:3)
  4 gnolls
  7 adders
  4 dart slugs
  13 orcs
  3 bat skeletons (D:3)
  3 bat zombies (D:3)
  4 endoplasms
  2 giant cockroaches
  6 goblins
  4 hobgoblins
  4 jackals (D:2)
  A quokka (D:3)
  6 ball pythons
  4 frilled lizards
  3 rats (D:2)
74 creatures vanquished.

Notes
Turn   | Place    | Note
-------+----------+-------------------------------------------
     0 | D:1      | Fodor the Minotaur Fighter began the quest for the Orb.
     0 | D:1      | Reached XP level 1. HP: 19/19 MP: 0/0
   256 | D:1      | Reached XP level 2. HP: 22/27 MP: 1/1
   353 | D:2      | Found Exies's Weapon Shoppe.
   368 | D:2      | Reached XP level 3. HP: 33/33 MP: 2/2
   955 | D:2      | Reached skill level 1 in Ranged Weapons
   957 | D:2      | Reached XP level 4. HP: 33/40 MP: 3/3
   962 | D:2      | Reached skill level 2 in Ranged Weapons
  1104 | D:2      | Reached skill level 1 in Dodging
  1621 | D:2      | Reached skill level 3 in Ranged Weapons
  1757 | D:2      | Reached XP level 5. HP: 45/46 MP: 4/4
  1854 | D:2      | Found a runed translucent door.
  1855 | D:2      | Noticed Crazy Yiuf
  1940 | D:3      | Reached skill level 4 in Ranged Weapons
  2122 | D:3      | Found a sacrificial altar of Ru.
  2418 | D:3      | Found a faded altar of an unknown god.
  2679 | D:3      | Found an ancient bone altar of Kikubaaqudgha.
  2695 | D:3      | Reached XP level 6. HP: 51/53 MP: 5/5
  2704 | D:3      | Reached skill level 5 in Ranged Weapons
  2887 | D:4      | Slain by an orc

Illustrated notes

Levels and vault maps discovered:
D:1:      dpeg_arrival_pits, layout_rooms
D:2:      layout_basic, serial_shops, nicolae_shop_hallway_stairs,
          kennysheep_generic_room_16, uniq_crazy_yiuf_cottage
D:3:      layout_basic, kennysheep_vampire_church, nicolae_ru_awakened_eye,
          hellmonk_ecumenical_altar_slurped_away
D:4:      nicolae_cairo_tiling_very_big, layout_cave_pools

Skill      XL: |  1  2  3  4  5  6 |
---------------+-------------------+-----
Armour         | 4 |  4.6
Shields        | 4 |  4.5
Fighting       | 4 |  4.4
Ranged Weapons | 1 3 4 5 |  5.1
Dodging        | 1 |  1.4
Axes           | |  2.6

Action                     |  1- 3 |  4- 6 || total
---------------------------+-------+-------++-------
  Melee: War axe           |    20 |       ||    20
         Headbutt          |     1 |       ||     1
         Sling             |       |     6 ||     6
   Fire: Sling             |    52 |   173 ||   225
    Use: Potion            |       |     2 ||     2
 Armour: Scale mail        |    50 |   165 ||   215
  Dodge: Dodged            |    32 |    86 ||   118
  Block: Buckler           |    18 |    45 ||    63

Table legend: (Time is in decaauts)
 A = Elapsed time spent in this place.
 B = Non-inter-level travel time spent in this place.
 C = Inter-level travel time spent in this place.
 D = Time resting spent in this place.
 E = Time spent auto-exploring this place.
 F = Levels seen in this place.
 G = Mean time per level.
                   A        B        C        D        E       F      G
               +--------+--------+--------+--------+--------+-----+--------+
         Total |   2992 |   2862 |    130 |    645 |      0 |   4 |  748.0 |
       Dungeon |   2992 |   2862 |    130 |    645 |      0 |   4 |  748.0 |
               +--------+--------+--------+--------+--------+-----+--------+

Top non-repeatable levels by time:
     D:2: 1595 daAuts
     D:3: 923 daAuts
     D:1: 360 daAuts
     D:4: 113 daAuts
